 Dungeon Crawl Stone Soup version 0.23.2-1-ga50397a6bc (webtiles) character file.

Game seed: 12506050468198156008

312 Mrkan the Ruffian (level 6, 0/62 HPs)
             Began as a Troll Monk on May 18, 2019.
             Was an Initiate of Gozag.
             Slain by an orc
             ... wielding a +0 whip
              (3 damage)
             ... on level 4 of the Dungeon.
             The game lasted 00:03:45 (1661 turns).

Mrkan the Ruffian (Troll Monk)                      Turns: 1661, Time: 00:03:46

Health: 0/62       AC:  6    Str: 22    XL:     6   Next: 18%
Magic:  5/5        EV: 10    Int:  6    God:    Gozag
Gold:   308        SH:  0    Dex: 12    Spells: 5/5 levels left

rFire    . . .     SeeInvis .     - Unarmed
rCold    . . .     Gourm    +   (no shield)
rNeg     . . .     Faith    .   a - +0 robe
rPois    .         Spirit   .   (helmet restricted)
rElec    .         Reflect  .   (no cloak)
rCorr    .         Harm     .   (gloves unavailable)
MR       .....                  (boots unavailable)
Stlth    ++........             (no amulet)
HPRegen  0.60/turn              (no ring)
MPRegen  0.09/turn              (no ring)

@: gold aura
A: large, unfitting armour, claws 3, fast metabolism 3, gourmand, regeneration
1, shaggy fur 1, tough skin 3
a: Potion Petition, Call Merchant, Bribe Branch, Renounce Religion


You were on level 4 of the Dungeon.
You worshipped Gozag.
Gozag was aware of your devotion.
You were not hungry.

You visited 1 branch of the dungeon, and saw 4 of its levels.

You collected 308 gold pieces.

Inventory:

Armour
 a - a +0 robe (worn)
 p - a scarf of resistance
 q - a scarf of resistance
Jewellery
 g - an uncursed ring of wizardry {unknown}
 i - a cursed ring of flight {unknown}
 o - a +6 ring of dexterity {unknown}
Scrolls
 d - 2 scrolls of fog {unknown}
 e - 2 scrolls of teleportation {unknown}
 f - 3 scrolls of identify {unknown}
 h - 2 scrolls of remove curse {unknown}
 k - 2 scrolls of blinking {unknown}
 m - 3 scrolls of enchant weapon {unknown}
 r - a scroll of magic mapping {unknown}
Potions
 c - a potion of flight {unknown}
 j - a potion of resistance {unknown}
 l - 2 potions of invisibility {unknown}
 n - a potion of haste {unknown}
Comestibles
 b - 4 rations


   Skills:
 + Level 3.8 Fighting
 - Level 2.4 Dodging
 - Level 1.0 Stealth
 * Level 6.0 Unarmed Combat


You had 5 spell levels left.
You didn't know any spells.
Your spell library contained the following spells:

 Spells                   Type           Power        Failure   Level  Hunger
 Summon Small Mammal      Summ           #...         45%         1    ##.....
 Call Imp                 Summ           #.......     58%         2    ###....
 Call Canine Familiar     Summ           #.......     83%         3    ####...
 Summon Guardian Golem    Hex/Summ       #.......     83%         3    ####...
 Summon Ice Beast         Ice/Summ       #.......     99%         4    #####..
 Summon Lightning Spire   Summ/Air       #.......     99%         4    #####..


Dungeon Overview and Level Annotations

Branches:
Dungeon (4/15)
 Temple: D:4-7

Altars:
Dithmenos
Gozag
Hepliaklqana


Innate Abilities, Weirdness & Mutations

You are too large for most types of armour.
You have claws for hands.
Your metabolism is lightning-fast.
You like to eat raw meat.
Your natural rate of healing is unusually fast.
You are covered in fur. (AC +1)
You have extremely tough skin. (AC +3)


Message History

You kill Edmund!
Your Unarmed Combat skill increases to level 6!
You have reached level 6!
Your experience leads to an increase in your attributes!
Increase (S)trength, (I)ntelligence, or (D)exterity?
You feel stronger. x2
The orc becomes distracted by the nearby gold, dreaming of imaginary riches.
The ball python bites you but does no damage.
The orc misses you. The iguana barely misses you. The orc closely misses you.
You scratch the orc. You claw the orc.
You kill the orc!
The ball python bites you but does no damage.
The iguana bites you.
* * * LOW HITPOINT WARNING * * *
The orc completely misses you. The orc hits you with a +0 short sword.
* * * LOW HITPOINT WARNING * * *
The orc hits you with a +0 whip.
You die...
Your body crumbles into a pile of gold.

.......#
#.$.## .# ...
.......#
###..##.#
.....
.......#
##.##.##.....
.).....#
#...........
.......#
#........<..
.......#
#.........<#
########
#..%o......#
#.lSo.......
##.o@.......
#..........
#..........
#..........
#..........
#..........
#..........
###########


You could see an iguana, 3 orcs and a ball python.

Vanquished Creatures
  Edmund (D:4)
  An orc wizard (D:2)
  A bullfrog skeleton (D:3)
  6 adders
  An ooze (D:2)
  A worm (D:4)
  3 dart slugs
  4 orcs
  8 bats
  4 giant cockroaches
  14 goblins
  5 hobgoblins
  6 kobolds
  A quokka (D:3)
  A ball python (D:3)
  7 frilled lizards
  8 rats
72 creatures vanquished.

Notes
Turn   | Place    | Note
-------+----------+-------------------------------------------
     0 | D:1      | Mrkan the Troll Monk began the quest for the Orb.
     0 | D:1      | Reached XP level 1. HP: 22/22 MP: 0/0
    69 | D:1      | Reached XP level 2. HP: 29/29 MP: 1/1
   564 | D:2      | Reached XP level 3. HP: 36/36 MP: 2/2
   595 | D:2      | Reached skill level 4 in Unarmed Combat
   709 | D:2      | Found an opulent altar of Gozag.
   715 | D:2      | Became a worshipper of Gozag Ym Sagoz the Greedy
   757 | D:2      | Reached XP level 4. HP: 31/45 MP: 3/3
  1043 | D:3      | Found a shadowy altar of Dithmenos.
  1089 | D:3      | Reached skill level 5 in Unarmed Combat
  1089 | D:3      | Reached XP level 5. HP: 47/53 MP: 4/4
  1159 | D:3      | Found a hazy altar of Hepliaklqana.
  1639 | D:4      | Noticed Edmund
  1659 | D:4      | Killed Edmund
  1659 | D:4      | Reached skill level 6 in Unarmed Combat
  1659 | D:4      | Reached XP level 6. HP: 5/62 MP: 5/5
  1661 | D:4      | HP: 3/62 [orc/+0 short sword (2)]
  1661 | D:4      | Slain by an orc

Skill      XL: |  1  2  3  4  5 |
---------------+----------------+-----
Unarmed Combat | 4 5 6 |  6.0
Fighting       | 3 |  3.8
Dodging        | |  2.4
Stealth        | |  1.0

Action                   |  1- 3 |  4- 6 || total
-------------------------+-------+-------++-------
Melee: Unarmed           |   102 |    78 ||   180
       Punch             |     1 |     3 ||     4
 Stab: Sleeping          |     3 |     2 ||     5
  Eat: Chunk             |     4 |     2 ||     6
       Ration            |       |     2 ||     2
Armor: Robe              |    66 |    55 ||   121
Dodge: Dodged            |    68 |    71 ||   139
